 Dungeon Crawl Stone Soup version 0.18.1-5-g4a78601 (webtiles) character file.

1279 MDvedh the Cruncher (level 8, -17/44 HPs)
             Began as a Tengu Gladiator on May 9, 2016.
             Demolished by an ogre
             ... wielding a +0 giant spiked club
              (31 damage)
             ... on level 6 of the Dungeon.
             The game lasted 00:10:45 (6783 turns).

MDvedh the Cruncher (Tengu Gladiator)               Turns: 6783, Time: 00:10:45

Health: -17/44     AC:  9    Str: 17    XL:     8   Next: 54%
Magic:  9/9        EV:  8    Int: 10    God:
Gold:   258        SH:  0    Dex: 14    Spells: 0 memorised, 7 levels left

rFire  . . .     SeeInvis .     a - +0 quarterstaff
rCold  + . .     Gourm    .     k - +0 chain mail
rNeg   . . .     Faith    .     (shield currently unavailable)
rPois  .         Spirit   .     c - +0 hat
rElec  .         Dismiss  .     (no cloak)
rCorr  .         Reflect  .     e - +0 pair of gloves
SustAt +         Harm     .     (boots unavailable)
MR     .....                    (no amulet)
Stlth  ..........               h - ring of sustain attributes
                                v - ring of protection from cold

@: not resistant to hostile enchantments, extremely unstealthy
A: beak, talons 3, able to fly 1
a: Fly


You were on level 6 of the Dungeon.
You were hungry.

You visited 1 branch of the dungeon, and saw 6 of its levels.

You collected 258 gold pieces.

Inventory:

Hand Weapons
 a - a +0 quarterstaff (weapon)
Armour
 c - a +0 hat (worn)
 e - a +0 pair of gloves (worn)
 k - a +0 chain mail (worn)
Jewellery
 h - a ring of sustain attributes (right hand)
 v - a ring of protection from cold (left hand)
Wands
 l - a wand of digging (15/24)
 m - a wand of iceblast (13/15)
 t - a wand of random effects (8/48)
Scrolls
 i - a scroll of remove curse
 s - a scroll of teleportation
Potions
 d - 2 potions of brilliance {unknown}
 g - a potion of curing
 j - 2 potions of berserk rage {unknown}
 o - a potion of agility
 q - a potion of lignification {unknown}
 r - a potion of flight {unknown}
Comestibles
 b - 4 meat rations
 f - 5 bread rations


   Skills:
 - Level 2.0 Fighting
 + Level 11.3 Staves
 - Level 2.0 Throwing
 - Level 3.2 Dodging


You had 7 spell levels left.
You didn't know any spells.

Dungeon Overview and Level Annotations

Branches:
Dungeon (6/15)
 Temple: D:4-7

Altars:
Fedhas
Pakellas
Ru
Trog
The Shining One


Innate Abilities, Weirdness & Mutations

You have a beak for a mouth.
You have claws for feet.
You can fly.


Message History

The ogre is heavily wounded.
You closely miss the ogre. You claw the ogre, but do no damage.
The ogre is heavily wounded.
The ogre hits you with a giant spiked club!
You closely miss the ogre. You claw the ogre.
The ogre is heavily wounded.
You hit the ogre but do no damage.
The ogre is heavily wounded.
The ogre hits you with a giant spiked club!
Your chain mail prevents you from hitting the ogre.
You claw the ogre, but do no damage. You peck the ogre.
The ogre is severely wounded.
You barely miss the ogre. Your kick misses the ogre. You peck the ogre.
The ogre is severely wounded.
The ogre hits you with a giant spiked club.
You hit the ogre but do no damage. You claw the ogre.
The ogre is almost dead.
The ogre hits you with a giant spiked club!!
Ouch! That really hurt!
You die...

. ##...........# ..
##............# h..#
#..........<..##
.....######..............#
#...##...............#
###.<.)...#).).......##
####oo.####.........#
###..##O..##....##
##O.#@.######## ##...##
##..# ####


You could see an ogre.

Vanquished Creatures
  Eustachio (D:5)
  An ice beast (D:5)
  2 centaurs (D:5)
  3 ogres
  A giant frog (D:4)
  A crimson imp (D:5)
  3 hounds
  3 orc wizards (D:5)
  3 orc priests
  An iguana (D:4)
  3 worker ants
  A hound skeleton (D:5)
  6 adders
  2 oozes (D:1)
  3 giant geckos
  18 orcs
  3 giant cockroaches
  6 goblins
  9 hobgoblins
  9 jackals
  2 kobolds
  3 ball pythons
  5 bats
  5 giant newts
  10 rats
104 creatures vanquished.

Notes
Turn   | Place    | Note
--------------------------------------------------------------
     0 | D:1      | MDvedh the Tengu Gladiator began the quest for the Orb.
     0 | D:1      | Reached XP level 1. HP: 12/12 MP: 2/2
   237 | D:1      | Reached XP level 2. HP: 9/17 MP: 3/3
   432 | D:1      | Reached skill level 4 in Staves
   998 | D:1      | Reached XP level 3. HP: 21/21 MP: 4/4
  1313 | D:2      | Reached skill level 5 in Staves
  1416 | D:2      | Reached XP level 4. HP: 26/26 MP: 5/5
  1473 | D:2      | Found a faded altar to an unknown god.
  2112 | D:3      | Found a glowing golden altar of the Shining One.
  2768 | D:4      | Reached skill level 6 in Staves
  2768 | D:4      | Gained mutation: You can fly. [Tengu growth]
  2768 | D:4      | Reached XP level 5. HP: 30/30 MP: 6/6
  3187 | D:4      | Found an oddly glowing altar of Pakellas.
  3310 | D:4      | Noticed an ogre
  3318 | D:4      | Killed an ogre
  3318 | D:4      | Reached skill level 7 in Staves
  3318 | D:4      | Reached XP level 6. HP: 27/35 MP: 7/7
  3767 | D:4      | Found a sacrificial altar of Ru.
  3820 | D:4      | Reached skill level 8 in Staves
  4136 | D:4      | Reached XP level 7. HP: 31/40 MP: 8/8
  4309 | D:5      | Entered Level 5 of the Dungeon
  4336 | D:5      | Reached skill level 9 in Staves
  5047 | D:5      | Found a bloodstained altar of Trog.
  5248 | D:5      | Reached skill level 10 in Staves
  5248 | D:5      | Reached XP level 8. HP: 15/44 MP: 9/9
  5509 | D:5      | Noticed Eustachio
  5533 | D:5      | Killed Eustachio
  5577 | D:5      | Found a blossoming altar of Fedhas.
  6218 | D:5      | Reached skill level 11 in Staves
  6783 | D:6      | Demolished by an ogre

Skill      XL: |  1  2  3  4  5  6  7  8 |
---------------+-------------------------+-----
Staves         | 4 5 6 7 8 10 11 | 11.3
Fighting       | |  2.0
Throwing       | |  2.0
Dodging        | |  3.2

Action                   |  1- 3 |  4- 6 |  7- 9 || total
-------------------------+-------+-------+-------++-------
Melee: Quarterstaff      |    80 |   152 |   150 ||   382
       Peck              |    11 |    32 |    41 ||    84
       Kick              |     9 |    46 |    47 ||   102
Throw: Throwing net      |       |     3 |       ||     3
Evoke: Wand              |       |       |     1 ||     1
  Use: Scroll            |     2 |     6 |     2 ||    10
       Potion            |       |     1 |     3 ||     4
 Stab: Held in net/web   |       |     1 |       ||     1
  Eat: Chunk             |     2 |     3 |     2 ||     7
       Meat ration       |       |     1 |       ||     1
       Pizza             |       |       |     1 ||     1
       Bread ration      |       |       |     1 ||     1
Armor: Leather armour    |     7 |       |       ||     7
       Chain mail        |    40 |    55 |    83 ||   178
Dodge: Dodged            |    37 |    41 |    73 ||   151
